Map: [G8] Dragon Scales

Players

Clem

  • Race: Terran Terran
  • Spawn Location: 5:00

Cure - Winner!

  • Race: Terran Terran
  • Spawn Location: 11:00

Event: Gamers8 2023

VOD

Have the link to the VOD?

Description

Time

  • Played on: Aug. 4, 2023, 6:10 a.m.
  • Length: 9:54

All games in this series

Show
View Real Time Build Order
Export as new Build Order

Clem Terran 

Build Orders:  

Get SALT Encoding   

  12  0:00  SCV  
  13  0:12  SCV  
  14  0:17  Supply Depot  
  14  0:24  SCV  
  15  0:38  SCV  
  15  0:40  Barracks  
  16  0:44  Refinery  
  16  0:50  SCV  
  17  1:00  Barracks  
  17  1:03  SCV  
  18  1:10  Refinery  
  18  1:17  SCV  
  19  1:27  Reaper  
  19  1:29  Supply Depot  
  20  1:41  Orbital Command  
  21  1:47  Reaper  
  21  1:59  Reaper  
  22  2:07  SCV  
  23  2:09  Factory  
  23  2:19  SCV, Reaper  
  25  2:24  Supply Depot  
  25  2:31  SCV, Reaper  
  27  2:43  SCV  
  29  2:51  Reaper  
  29  2:53  Hellion  
  29  2:55  SCV  
  32  3:06  Reaper  
  33  3:14  Command Center, SCV  
  33  3:17  Hellion  
  36  3:23  Reaper  
  36  3:25  Supply Depot  
  37  3:27  SCV  
  38  3:39  SCV  
  39  3:42  Starport  
  39  3:48  Supply Depot  
  41  3:49  Factory Tech Lab  
  41  3:50  Barracks Reactor  
  41  3:52  SCV  
  39  4:04  SCV  
  39  4:09  Cyclone  
  38  4:18  Medivac, SCV  
  38  4:20  Refinery  
  41  4:26  Marine x2  
  41  4:27  Marine, Orbital Command  
  41  4:30  SCV  
  45  4:43  Marine, SCV  
  45  4:44  Marine  
  48  4:47  Factory Tech Lab  
  48  4:53  SCV  
  48  4:55  SCV  
  48  4:57  Raven  
  52  5:04  Marine x2  
  52  5:05  SCV  
  55  5:07  SCV  
  55  5:09  Siege Tank, Marine  
  55  5:10  Supply Depot  
  60  5:17  SCV  
  60  5:19  SCV  
  57  5:23  Marine  
  53  5:29  SCV  
  53  5:31  Viking, SCV  
  57  5:37  Marine  
  57  5:39  Marine  
  57  5:42  SCV  
  58  5:43  Siege Tank, SCV  
  62  5:54  SCV, Supply Depot  
  62  5:55  SCV  
  59  6:05  Marine  
  59  6:06  SCV  
  59  6:08  SCV  
  59  6:09  Marine  
  59  6:10  Raven  
  65  6:16  Marine  
  65  6:18  SCV  
  67  6:19  Supply Depot  
  67  6:20  SCV  
  67  6:23  Marine  
  69  6:27  Marine  
  69  6:29  Siege Tank  
  69  6:30  SCV  
  69  6:32  SCV, Supply Depot  
  75  6:38  Command Center  
  75  6:42  SCV  
  75  6:44  SCV  
  77  6:52  Supply Depot  
  77  6:53  Refinery  
  77  6:54  SCV  
  77  6:56  SCV  
  77  6:59  Barracks Reactor  
  79  7:01  Viking x2  
  79  7:02  Marine  
  79  7:06  Supply Depot, Stimpack  
  79  7:07  SCV  
  85  7:09  SCV  
  85  7:10  Supply Depot  
  86  7:19  SCV  
  86  7:21  Siege Tank, Marine  
  86  7:22  Supply Depot  
  91  7:25  Barracks, SCV  
  91  7:28  Supply Depot  
  92  7:34  Viking  
  92  7:36  Viking  
  95  7:39  Marine, SCV  
  95  7:41  SCV  
  98  7:49  Marine x2  
  100  7:51  SCV  
  100  7:53  Siege Tank  
  100  7:54  SCV  
  105  8:03  SCV  
  105  8:05  Engineering Bay  
  106  8:06  Viking x2, SCV, Engineering Bay  
  106  8:08  Marine  
  109  8:14  Barracks Reactor  
  109  8:15  SCV  
  109  8:17  Marine  
  109  8:18  SCV  
  105  8:20  Marine  
  106  8:28  Orbital Command  
  106  8:29  Barracks, SCV  
  106  8:31  Barracks  
  107  8:35  Marine  
  107  8:37  SCV  
  108  8:47  Siege Tank  
  94  8:48  Marine  
  94  8:49  Marine  
  94  8:51  Marine, SCV  
  94  8:53  Marine, SCV  
  94  8:54  Medivac x2, SCV  
  92  9:00  Refinery  
  92  9:01  Refinery  
  92  9:03  Marine, SCV  
  92  9:05  SCV  
  92  9:06  Marine  
  92  9:07  Marine  
  92  9:08  SCV  
  92  9:09  Marine  
  99  9:11  Marine  
  99  9:16  Sensor Tower  
  99  9:17  Marine, SCV  
  100  9:18  Marine  
  100  9:23  Marine  
  103  9:24  Marine  
  103  9:25  Missile Turret  
  103  9:28  Marine  
  103  9:29  SCV  
  103  9:30  Marine x2, SCV x2  
  113  9:34  Marine  
Show
View Real Time Build Order
Export as new Build Order

Cure Terran - Winner!

Build Orders: Reaper Expand 

Get SALT Encoding   

  12  0:00  SCV  
  13  0:12  SCV  
  14  0:17  Supply Depot  
  14  0:24  SCV  
  15  0:38  SCV  
  15  0:40  Barracks  
  16  0:42  Refinery  
  16  0:50  SCV  
  17  1:03  SCV  
  18  1:15  SCV  
  19  1:27  Reaper, Orbital Command  
  20  1:42  Command Center  
  20  1:51  Supply Depot  
  20  1:55  SCV  
  20  1:59  Marine  
  22  2:07  SCV  
  23  2:10  Factory  
  23  2:18  Marine  
  23  2:19  SCV  
  25  2:26  Refinery  
  25  2:31  SCV  
  25  2:36  Marine  
  27  2:45  SCV  
  28  2:54  Orbital Command  
  28  2:55  Marine, Hellion  
  31  3:00  SCV  
  31  3:01  Starport  
  33  3:12  SCV  
  33  3:13  Marine  
  33  3:18  Factory Tech Lab  
  34  3:24  SCV  
  34  3:26  Orbital Command  
  35  3:31  Marine  
  36  3:36  Cyclone  
  36  3:39  Starport Tech Lab  
  39  3:43  SCV  
  39  3:47  Supply Depot  
  40  3:51  Barracks Reactor  
  40  3:53  SCV  
  41  3:55  SCV  
  41  3:56  Supply Depot  
  41  3:58  Banshee  
  43  4:06  SCV  
  43  4:07  SCV  
  39  4:14  Siege Tank  
  40  4:19  SCV  
  40  4:20  SCV  
  42  4:26  Command Center  
  42  4:28  Marine x2  
  42  4:31  SCV  
  45  4:32  SCV  
  46  4:40  Refinery  
  46  4:43  SCV  
  46  4:44  Raven, SCV  
  50  4:46  Marine x2  
  52  4:55  Siege Tank, SCV  
  52  4:56  SCV  
  57  5:03  Supply Depot  
  57  5:04  Marine x2  
  59  5:07  SCV  
  59  5:08  SCV  
  59  5:10  Barracks  
  61  5:20  Barracks  
  61  5:21  Raven  
  61  5:23  SCV x2  
  61  5:26  Marine  
  61  5:27  Marine  
  64  5:35  SCV x2  
  66  5:41  Siege Tank, Orbital Command  
  69  5:49  Refinery, SCV x2  
  70  6:01  SCV x2  
  72  6:09  Barracks Reactor  
  72  6:10  Barracks Reactor  
  69  6:14  SCV x2  
  69  6:17  Viking  
  73  6:18  Barracks  
  73  6:21  Engineering Bay x2  
  73  6:23  Marine  
  74  6:25  Viking  
  74  6:26  Barracks  
  74  6:29  SCV x2  
  78  6:33  SCV  
  79  6:41  Marine, SCV, Supply Depot  
  79  6:42  Supply Depot x2  
  79  6:46  Siege Tank  
  58  6:47  Marine, Stimpack  
  84  6:53  Missile Turret  
  85  6:56  Terran Infantry Weapons Level 1  
  85  6:57  Missile Turret  
  85  7:01  Terran Infantry Armor Level 1  
  85  7:02  Missile Turret  
  85  7:06  Barracks Reactor  
  85  7:09  Marine x4  
  85  7:11  Marine  
  85  7:14  Barracks Reactor  
  90  7:20  Supply Depot  
  90  7:21  SCV x2, Supply Depot  
  90  7:22  SCV  
  93  7:24  Medivac  
  93  7:28  Medivac  
  97  7:30  Marine x4  
  97  7:32  Marine  
  102  7:37  Supply Depot  
  102  7:39  Siege Tank  
  105  7:48  Marine x4, SCV x2  
  105  7:49  Marine x2  
  113  7:51  Marine x2  
  113  7:56  Supply Depot  
  114  8:00  SCV x2  
  116  8:08  Orbital Command  
  116  8:09  Marine x2  
  116  8:10  Marine x2  
  120  8:16  Siege Tank  
  120  8:17  Medivac  
  120  8:18  Medivac  
  120  8:19  SCV  
  127  8:20  SCV  
  127  8:23  Marine x4  
  127  8:26  Combat Shield  
  131  8:31  SCV  
  131  8:32  SCV  
  133  8:35  Armory  
  133  8:37  SCV  
  134  8:44  SCV x2  
  134  8:45  Marine x4  
  134  8:46  Marine x4  
  134  8:47  Marine  
  112  8:57  Siege Tank  
  115  9:02  Marine x2  
  115  9:03  Marine x2, SCV x3  
  115  9:04  Marine x2, Refinery x2  
  115  9:06  Marine x3  
  127  9:10  Medivac  
  127  9:15  Medivac  
  127  9:16  Sensor Tower  
  131  9:20  Marine x4  
  131  9:22  Marine x2  
  137  9:29  Marine x2  
  137  9:30  Marine  
  140  9:35  Supply Depot  
  140  9:37  Supply Depot  
  137  9:47  Missile Turret  
Tags
 
Add a new tag
Caveats
  • Supply blocks, unpowered buildings, or Contaminate may cause inaccurate times.
  • Supply counts are checked every 10 seconds.